AoeStats
← rodcamu

Hideout

509691883Analyzed
1v1 RM · 5d ago on Sep 27, 2026· 48m 53s· 2 players
Game mode
Random Map
Map size
Tiny (2 player)
Population
200
Speed
Normal
Resources
Standard
Victory
Conquest
Starting age
Dark Age
Ending age
Imperial Age
RankedLock teamsTeams togetherTeam positionsShared explorationLock speedFull tech treeHidden civsTurbo modeCheats
Victory
Defeat
🇳🇴 Turks · Norway
888
+16
🇪🇸 Mongols · Spain
885
-16
rodcamu
8:14 Loom
10:02 Feudal Age
15:00 Scale Barding Armor
15:07 Forging
15:56 Double-Bit Axe
15:54 Horse Collar
17:08 Bloodlines
21:44 Castle Age
20:08 Gold Mining
20:09 Stone Mining
20:22 Fletching
21:47 Wheelbarrow
20:57 Town Watch
24:11 Husbandry
24:39 Bow Saw
25:19 Town Patrol
26:27 Hand Cart
27:01 Light Cavalry
27:45 Heavy Plow
29:35 Stone Shaft Mining
31:10 Gold Shaft Mining
32:29 Nomads
36:00 Ballistics
36:17 Chain Barding Armor
35:58 Padded Archer Armor
40:45 Imperial Age
42:26 Conscription
42:58 Drill
44:17 Chemistry
43:28 Masonry
43:28 Siege Engineers
43:19 Murder Holes
44:38 Elite Mangudai
45:17 Onager
46:08 Bodkin Arrow
46:33 Leather Archer Armor
46:25 Scale Mail Armor
47:08 Iron Casting
48:43 Bracer
FysteSverdÅtBravos
0:26 Loom
10:02 Feudal Age
11:08 Double-Bit Axe
11:05 Horse Collar
22:52 Castle Age
21:07 Stone Mining
21:13 Gold Mining
22:24 Bloodlines
22:36 Forging
23:27 Scale Barding Armor
23:45 Town Watch
24:35 Wheelbarrow
25:54 Gold Shaft Mining
26:05 Fervor
26:00 Husbandry
26:14 Fervor
26:15 Padded Archer Armor
26:39 Heavy Plow
30:33 Bow Saw
30:35 Town Patrol
31:52 Iron Casting
36:07 Imperial Age
35:08 Chain Barding Armor
35:04 Leather Archer Armor
34:39 Fletching
36:22 Hand Cart
36:26 Heavy Camel Rider
37:31 Conscription
37:25 Artillery
38:17 Treadmill Crane
41:36 Two-Man Saw
41:00 Masonry
41:01 Fortified Wall
40:47 Murder Holes
44:25 Blast Furnace
44:00 Plate Barding Armor
43:56 Ring Archer Armor
43:22 Bodkin Arrow
44:02 Architecture
43:53 Ballistics
45:21 Elite Janissary
Connection lost

Rejoining the realm…

Still unreachable

The connection could not be restored.

Session expired

The server has moved on; the page needs a fresh start.